 Dungeon Crawl Stone Soup version 0.28-a0-381-g937acc2988 (webtiles) character file.

Game seed: 365620916797331560

221 Shayle the Insei (level 6, -1/46 HPs)
             Began as a Djinni Warper on Sept 2, 2021.
             Was an Initiate of Makhleb.
             Slain by a phantom (4 damage)
             ... on level 5 of the Dungeon.
             The game lasted 00:12:57 (5744 turns).

Shayle the Insei (Djinni Warper)                    Turns: 5744, Time: 00:12:58

Health: -1/46      AC:  3    Str: 10    XL:     6   Next: 19%
Gold:   136        EV: 12    Int: 17    God:    Makhleb [......] SH:  5 Dex: 12

rFire   + + .      SeeInvis .     - Unarmed
rCold   . . .      Faith    .   h - +1 buckler
rNeg    . . .      Spirit   .   a - +0 leather armour
rPois   ∞          Reflect  .   (no helmet)
rElec   .          Harm     .   (no cloak)
rCorr   .          Rampage  .   (no gloves)
Will    .....                   (boots unavailable)
Stlth   +.........              (no amulet)
HPRegen 0.15/turn               d - ring of protection from cold
MPRegen 0.00/turn               (no ring)

@: mighty, attractive, flying
A: sickness immunity, fire resistance 2, cold vulnerability 1, float, innate
caster, hp casting, extra vitality 1
a: Renounce Religion


You were on level 5 of the Dungeon.
You worshipped Makhleb.
Makhleb was noncommittal.
You visited 1 branch of the dungeon, and saw 5 of its levels.

You collected 136 gold pieces.

Inventory:

Hand Weapons
 f - a +0 short sword of flaming
Missiles
 l - 6 atropa-tipped darts (quivered)
Armour
 a - a +0 leather armour (worn)
 h - a +1 buckler (worn)
Jewellery
 d - a ring of protection from cold (left hand)
Scrolls
 e - a scroll of brand weapon
 j - a scroll of torment {unknown}
 m - 2 scrolls of amnesia {unknown}
Potions
 g - 3 potions of mutation


   Skills:
 + Level 3.2 Fighting
 - Level 0.7 Throwing
 - Level 1.0 Armour
 + Level 3.6 Dodging
 + Level 1.6 Shields
 * Level 4.2 Unarmed Combat
 - Level 2.4 Spellcasting


You couldn't memorise any spells.
You knew the following spells:

 Your Spells              Type           Power      Damage    Failure   Level
a - Blink                 Tloc           N/A        N/A       19%         2
b - Lesser Beckoning      Tloc           10%        N/A       36%         3
c - Gell's Gravitas       Tloc           5%         N/A       36%         3
d - Teleport Other        Tloc           10%        N/A       36%         3
e - Manifold Assault      Tloc           10%        N/A       98%         5
f - Freeze                Ice            40%        1d6       13%         1
g - Slow                  Hex            10%        N/A       19%         2
Your spell library was empty.

Dungeon Overview and Level Annotations

Branches:
Dungeon (5/15)
 Temple: D:4-7

Altars:
Dithmenos
Makhleb
Ru
Xom

Annotations:
D:3 2 transporters, Sigmund
D:4 Edmund, Grinder


Innate Abilities, Weirdness & Mutations

You are immune to sickness and miasma.
You are immune to poison.
Your flesh is very heat resistant. (rF++)
You are vulnerable to cold. (rC-)
You float through the air rather than walking.
You learn spells naturally, not from books.
Your magical power is your life essence.
You have superior vitality. (+4 HP)


Message History

Edmund is severely wounded.
Edmund hits you with a +3 flail of protection.
* * * LOW HITPOINT WARNING * * *
You feel better.
Edmund hits you with a +3 flail of protection!
* * * LOW HITPOINT WARNING * * *
You barely miss Edmund.
Edmund is severely wounded.
Edmund misses you.
Unknown command.
Blink to where?
Press: ? - help, Dir - move target, p - Edmund
As you read the scroll of blinking, it crumbles to dust.
Edmund says, "I'm quite good with sums, too."
The hound barks!
Blink to where?
Press: ? - help, Dir - move target
As you read the scroll of blinking, it crumbles to dust.
Okay, then.
You fly downwards.
There is a stone staircase leading up here.
Unknown command.
It was a potion of attraction.
You feel attractive to monsters. The orc is attracted toward you.
You feel very mighty all of a sudden. The orc barely misses you.
The phantom is attracted toward you.
You closely miss the orc. The orc hits you with a +0 dagger.
* * * LOW HITPOINT WARNING * * *
Your shield and leather armour prevent you from hitting the orc.
The orc barely misses you.
You completely miss the orc. You closely miss the phantom.
You punch the phantom!
The phantom is heavily damaged.
The phantom closely misses you.
You punch the phantom!
The phantom is almost destroyed.
The phantom hits you.
You die...

#.≈..# #..!.#
#....# #._..#
#....#
#....#######
#.≈.....oW.#
#.≈.#####o##
#.≈oooW@#.#
#.≈.#####.#
#...# #.#
+....?.......#
####.P.#######
#.P.# ..P.#
#..P.# #.. .#


You could see a phantom and 3 orcs.

Vanquished Creatures
  Terence (D:2)
  Jessica (D:3)
  An iguana (D:3)
  A gnoll (D:1)
  5 adders
  2 worms
  2 dart slugs
  An orc (D:4)
  9 endoplasms
  3 giant cockroaches
  7 hobgoblins
  3 jackals
  2 quokkas
  7 ball pythons
  6 bats
  2 frilled lizards
  7 goblins
  7 kobolds
  10 rats
77 creatures vanquished.

Notes
Turn   | Place    | Note
-------+----------+-------------------------------------------
     0 | D:1      | Shayle the Djinni Warper began the quest for the Orb.
     0 | D:1      | Reached XP level 1. HP: 18/18 MP: 0/0
   288 | D:1      | Found a faded altar of an unknown god.
   576 | D:2      | Reached XP level 2. HP: 21/23 MP: 0/0
   856 | D:2      | Reached XP level 3. HP: 12/29 MP: 0/0
   856 | D:2      | Learned a level 1 spell: Freeze
  1804 | D:1      | Reached skill level 3 in Unarmed Combat
  2145 | D:2      | Reached XP level 4. HP: 28/34 MP: 0/0
  3170 | D:2      | Noticed Terence
  3181 | D:2      | Killed Terence
  3182 | D:2      | Reached skill level 1 in Shields
  3182 | D:2      | Reached XP level 5. HP: 15/40 MP: 0/0
  3182 | D:2      | Learned a level 2 spell: Slow
  3528 | D:3      | Found a shimmering altar of Xom.
  3618 | D:3      | Noticed Jessica
  3629 | D:3      | Killed Jessica
  4003 | D:3      | Reached skill level 4 in Unarmed Combat
  4517 | D:3      | Found a transporter.
  4533 | D:3      | Found a transporter.
  4555 | D:3      | Noticed Sigmund
  4608 | D:4      | Noticed Grinder
  4612 | D:4      | Paralysed by Grinder for 5 turns
  4816 | D:3      | Reached XP level 6. HP: 15/46 MP: 0/0
  5089 | D:4      | Noticed Edmund
  5099 | D:5      | Entered Level 5 of the Dungeon
  5129 | D:5      | Found a shadowy altar of Dithmenos.
  5515 | D:4      | Found a sacrificial altar of Ru.
  5515 | D:4      | Found a burning altar of Makhleb.
  5519 | D:4      | Became a worshipper of Makhleb the Destroyer
  5720 | D:4      | HP: 2/46 [Edmund (13)]
  5739 | D:5      | HP: 2/46 [orc (3)]
  5744 | D:5      | Slain by a phantom

Illustrated notes

Levels and vault maps discovered:
D:1:      dpeg_arrival_rooms_with_view, layout_basic,
          dreamdust_ecumenical_altar_statues
D:2:      layout_loops_ring, uniq_terence
D:3:      gammafunk_wand_slinger, layout_basic, xom_teletrap_fun,
          minmay_cut_off, uniq_sigmund, uniq_jessica
D:4:      layout_gridville, gammafunk_temple_overflow_pools,
          gammafunk_temple_overflow_elements, minmay_bisected, uniq_grinder,
          uniq_edmund, uniq_menkaure
D:5:      layout_basic, grunt_gozag_statues, mainiacjoe_overflow_boulevard,
          temple_pool_b, serial_rivers, chequers_serial_rivers_micro_d,
          chequers_serial_rivers_marsh, chequers_serial_rivers_large_a,
          chequers_serial_rivers_room_a, chequers_serial_rivers_micro_e,
          serial_shops, shop, nicolae_shop_window_shopping, shop

Skill      XL: |  1  2  3  4  5 |
---------------+----------------+-----
Unarmed Combat | 3 4 |  4.2
Dodging        | 3 |  3.6
Shields        | 1 |  1.6
Fighting       | 3 |  3.2
Throwing       | |  0.7
Armour         | |  1.0
Spellcasting   | |  2.4

Action                   |  1- 3 |  4- 6 || total
-------------------------+-------+-------++-------
Melee: Unarmed           |   156 |   237 ||   393
       Punch             |     2 |       ||     2
Throw: Boomerang         |     5 |       ||     5
 Cast: Freeze            |     4 |    20 ||    24
       Blink             |       |     2 ||     2
  Use: Scroll            |     3 |     9 ||    12
       Potion            |       |     7 ||     7
 Stab: Sleeping          |     2 |       ||     2
Armor: Leather armour    |    48 |    38 ||    86
Dodge: Dodged            |   103 |   125 ||   228
Block: Buckler           |     4 |    39 ||    43

Table legend: (Time is in decaauts)
 A = Elapsed time spent in this place.
 B = Non-inter-level travel time spent in this place.
 C = Inter-level travel time spent in this place.
 D = Time resting spent in this place.
 E = Time spent auto-exploring this place.
 F = Levels seen in this place.
 G = Mean time per level.
                   A        B        C        D        E       F      G
               +--------+--------+--------+--------+--------+-----+--------+
         Total |   5743 |   5536 |    207 |   1929 |   2402 |   5 | 1148.6 |
       Dungeon |   5743 |   5536 |    207 |   1929 |   2402 |   5 | 1148.6 |
               +--------+--------+--------+--------+--------+-----+--------+

Top non-repeatable levels by time:
     D:2: 2033 daAuts
     D:1: 1464 daAuts
     D:3: 1387 daAuts
     D:4: 776 daAuts
     D:5: 81 daAuts
